 Dungeon Crawl Stone Soup version 0.21.1-1-g345015fe64 (webtiles) character file.

1416 OlSheep the Gusty (level 8, -4/62 HPs)
             Began as a White Draconian Air Elementalist on July 9, 2018.
             Was a Believer of Sif Muna.
             Slain by Grinder (5 damage)
             ... while paralysed by Grinder
             ... on level 6 of the Dungeon.
             The game lasted 00:49:16 (8113 turns).

OlSheep the Gusty (DrAE)                            Turns: 8113, Time: 00:49:17

Health: -4/62      AC:  8    Str: 10    XL:     8   Next: 43%
Magic:  0/16       EV:  2    Int: 17    God:    Sif Muna [**....]
Gold:   345        SH:  0    Dex: 17    Spells: 7/17 levels left

rFire    . . .     SeeInvis .   d - +2 dagger (elec)
rCold    + . .     Gourm    .   (no shield)
rNeg     . . .     Faith    .   (armour unavailable)
rPois    .         Spirit   +   (helmet restricted)
rElec    .         Reflect  .   (no cloak)
rCorr    .         Harm     .   m - +1 pair of gloves (curse)
MR       .....                  (no boots)
Stlth    ++........             f - amulet of guardian spirit
HPRegen  0.20/turn              l - +4 ring of dexterity
MPRegen  0.15/turn              (no ring)

@: paralysed, lethally poisoned (-4 -> -14), short of breath
A: breathe frost, unfitting armour, cold resistance 1, cold-blooded, AC +6
a: Breathe Frost, Divine Energy, Renounce Religion


You were on level 6 of the Dungeon.
You worshipped Sif Muna.
Sif Muna was pleased with you.
You were not hungry.

You visited 2 branches of the dungeon, and saw 7 of its levels.

You collected 345 gold pieces.

Inventory:

Hand Weapons
 d - a +2 dagger of electrocution (weapon)
 h - a +2 short sword of freezing
 j - a +0 falchion
 s - a +2 dagger of draining
Armour
 m - a cursed +1 pair of gloves (worn)
Jewellery
 f - an amulet of guardian spirit (around neck)
 i - an uncursed amulet of rage
 l - a +4 ring of dexterity (left hand)
Wands
 p - a wand of random effects (58)
 t - a wand of disintegration (9)
Scrolls
 e - 8 scrolls of remove curse
 n - a scroll of fog
 r - a scroll of amnesia
Potions
 g - a potion of degeneration {unknown}
 k - 2 potions of lignification {unknown}
 q - a potion of brilliance {unknown}
 u - a potion of agility {unknown}
Books
 a - a book of Air

   Spells                             Type                      Level
   a - Shock                          Conjuration/Air              1
   b - Swiftness                      Charms/Air                   2
   c - Static Discharge               Conjuration/Air              3
   d - Airstrike                      Air                          4
   e - Lightning Bolt                 Conjuration/Air              5
 o - a book of Minor Magic

   Spells                             Type                      Level
   a - Magic Dart                     Conjuration                  1
   b - Blink                          Translocation                2
   c - Call Imp                       Summoning                    2
   d - Slow                           Hexes                        2
   e - Conjure Flame                  Conjuration/Fire             3
   f - Mephitic Cloud                 Conjuration/Poison/Air       3
Comestibles
 b - 7 rations
 c - 2 chunks of flesh


   Skills:
 + Level 2.4 Fighting
 + Level 1.2 Long Blades
 + Level 3.0 Dodging
 - Level 1.7 Stealth
 + Level 5.4 Spellcasting
 - Level 3.0 Conjurations
 * Level 7.6 Air Magic
 - Level 1.1 Poison Magic


You had 7 spell levels left.
You knew the following spells:

 Your Spells              Type           Power        Failure   Level  Hunger
a - Shock                 Conj/Air       ###.         1%          1    None
b - Swiftness             Chrm/Air       ###.....     4%          2    #......
c - Airstrike             Air            ####......   6%          4    ####...
d - Mephitic Cloud        Conj/Pois/Air  ###.....     8%          3    ##.....


Dungeon Overview and Level Annotations

Branches:
Dungeon (6/15)             Temple (1/1) D:4

Altars:
Ashenzari
Cheibriados
Dithmenos
Elyvilon
Fedhas
Gozag
Hepliaklqana
Kikubaaqudgha
Makhleb
Nemelex Xobeh
Okawaru
Qazlal
Ru
Sif Muna
Trog
Uskayaw
Vehumet
Wu Jian
Xom
Yredelemnul
Zin
The Shining One

Shops:
D:4 =

Annotations:
D:4 ! Horrendous, Dowan, Duvessa, Menkaure
D:6 1 runed door, exclusion: door, Grinder


Innate Abilities, Weirdness & Mutations

You can breathe waves of freezing cold.
You can buffet flying creatures when you breathe cold.
Your icy white scales are hard. (AC +6)
You cannot fit into any form of body armour.
Your flesh is cold resistant. (rC+)
You are cold-blooded and may be slowed by cold attacks.


Message History

You feel somewhat more hungry.
You no longer feel sluggish.
You feel sick. The worker ant barely misses you. Grinder gestures at you.
You suddenly lose the ability to move!
The worker ant bites you but does no damage.
Grinder barely misses you. The worker ant barely misses you.
You feel sick. Grinder hits you.
* * * LOW HITPOINT WARNING * * *
The worker ant bites you but does no damage.
The worker ant completely misses you. Grinder gestures at you.
You shrug off the repeated paralysis!
The crimson imp blinks!
You feel sick. The worker ant bites you.
* * * LOW HITPOINT WARNING * * *
You are lethally poisoned!
The worker ant poisons you! Grinder hits you!
* * * LOW HITPOINT WARNING * * *
You writhe in agony.
You die...

####......#######
#............a...
#..5.ยง....#################
#.#..####..o........<.......#
#.#..## #...o#####....#####.#
.a..... #...r# #..).# #.#
##..... #....# #....# #.#
....... #...o#####....# #.#
##..... #...aoa@5.....# #.#
#.....#####.#####[...# #.#
#........oo...#....# #.#
######.#.####.#....# #.####
#...........#.#### #.....
#.####)######.# ###### ..
#........# #. ########## #


You could see Grinder, an orc warrior, 2 worker ants and an orc wizard.

Vanquished Creatures
  The ghost of Fascinator the Skirmisher, an amateur OgFi (D:3)
  An orc warrior (D:6)
  2 phantoms
  A sky beast (D:5)
  Blork the orc (D:5)
  2 bullfrogs (D:6)
  A scorpion (D:6)
  3 howler monkeys (D:5)
  A crimson imp (D:6)
  A quasit (D:6)
  A hound (D:5)
  4 orc priests
  3 orc wizards
  An iguana (D:5)
  A worker ant (D:5)
  A hound skeleton (D:5)
  Robin (D:4)
  10 adders
  A shadow imp (D:5)
  An ooze (D:1)
  An adder skeleton (D:5)
  4 worms
  A dart slug (D:1)
  4 leopard geckos
  13 orcs
  4 giant cockroaches
  21 goblins
  13 hobgoblins
  3 jackals (D:3)
  2 quokkas
  A ball python skeleton (D:5)
  6 bats
  8 frilled lizards
  8 kobolds
  A leopard gecko zombie (D:5)
  A quokka skeleton (D:5)
  A quokka zombie (D:5)
  7 rats
137 creatures vanquished.

Notes
Turn   | Place    | Note
-------+----------+-------------------------------------------
     0 | D:1      | OlSheep the Draconian Air Elementalist began the quest for the Orb.
     0 | D:1      | Reached XP level 1. HP: 14/14 MP: 3/3
   589 | D:1      | Reached XP level 2. HP: 19/20 MP: 1/5
  1031 | D:1      | Found a shimmering altar of Xom.
  1566 | D:2      | Reached XP level 3. HP: 21/27 MP: 6/6
  1884 | D:2      | Found a stormy altar of Qazlal.
  1897 | D:2      | Learned a level 2 spell: Swiftness
  1932 | D:2      | Reached XP level 4. HP: 20/34 MP: 0/7
  2119 | D:2      | Reached skill level 4 in Air Magic
  3059 | D:3      | Reached skill level 1 in Fighting
  3069 | D:3      | Learned a level 4 spell: Airstrike
  3079 | D:3      | Noticed Fascinator's ghost (amateur OgFi)
  3251 | D:3      | Reached XP level 5. HP: 40/40 MP: 4/9
  3881 | D:3      | HP: 3/60 [Fascinator's ghost (9)]
  3882 | D:3      | Killed Fascinator's ghost
  3882 | D:3      | Reached skill level 1 in Long Blades
  4514 | D:4      | Noticed Duvessa
  4529 | D:4      | Noticed Dowan
  4581 | D:4      | Found Romaat's Jewellery Emporium.
  4592 | D:4      | Found a staircase to the Ecumenical Temple.
  4601 | Temple   | Entered the Ecumenical Temple
  4843 | Temple   | Became a worshipper of Sif Muna the Loreminder
  4892 | D:4      | Reached XP level 6. HP: 48/48 MP: 4/10
  5348 | D:4      | Noticed Menkaure
  5371 | D:4      | Noticed Robin
  5392 | D:4      | Killed Robin
  5663 | D:5      | Entered Level 5 of the Dungeon
  5838 | D:5      | Learned a level 3 spell: Mephitic Cloud
  5950 | D:5      | Reached skill level 5 in Air Magic
  6063 | D:5      | Reached * piety under Sif Muna
  6063 | D:5      | Your scales start taking on an icy white colour.
  6063 | D:5      | Reached XP level 7. HP: 55/55 MP: 8/12
  6063 | D:5      | Gained mutation: Your flesh is cold resistant. (rC+) [White Draconian growth]
  6271 | D:5      | Reached skill level 1 in Poison Magic
  6606 | D:5      | Noticed Blork the orc
  6623 | D:5      | Killed Blork the orc
  6646 | D:5      | Reached skill level 6 in Air Magic
  7488 | D:6      | Reached XP level 8. HP: 62/62 MP: 11/15
  7528 | D:6      | Reached skill level 7 in Air Magic
  7620 | D:5      | D5 and still no identify wtf
  7801 | D:6      | Reached skill level 5 in Spellcasting
  7895 | D:6      | Reached ** piety under Sif Muna
  8060 | D:6      | Found a runed door.
  8080 | D:6      | Noticed Grinder
  8081 | D:6      | Paralysed by Grinder for 2 turns
  8088 | D:6      | Paralysed by Grinder for 4 turns
  8097 | D:6      | Paralysed by Grinder for 2 turns
  8104 | D:6      | Paralysed by Grinder for 2 turns
  8109 | D:6      | Paralysed by Grinder for 7 turns
  8113 | D:6      | HP: 1/62 [Grinder (7)]
  8113 | D:6      | Slain by Grinder

Skill      XL: |  1  2  3  4  5  6  7  8 |
---------------+-------------------------+-----
Dodging        | 2 3 |  3.0
Air Magic      | 4 5 6 7 |  7.6
Conjurations   | 2 3 |  3.0
Fighting       | 1 2 |  2.4
Long Blades    | 1 |  1.2
Spellcasting   | 3 4 5 |  5.4
Poison Magic   | 1 |  1.1
Stealth        | |  1.7

Action                   |  1- 3 |  4- 6 |  7- 9 || total
-------------------------+-------+-------+-------++-------
Melee: Club              |     6 |       |       ||     6
       Dagger            |    28 |    38 |    35 ||   101
       Tailslap          |     2 |     6 |     3 ||    11
 Cast: Shock             |    64 |   171 |    68 ||   303
       Mephitic Cloud    |       |       |     8 ||     8
       Airstrike         |       |       |     7 ||     7
       Swiftness         |       |       |     2 ||     2
Invok: Divine Energy     |       |       |     1 ||     1
       Stop Divine Energ |       |       |     1 ||     1
 Abil: Breathe Frost     |       |       |     5 ||     5
  Use: Scroll            |       |     7 |     2 ||     9
       Potion            |       |     1 |       ||     1
 Stab: Sleeping          |       |       |     1 ||     1
  Eat: Chunk             |     4 |    10 |     5 ||    19
       Ration            |       |     1 |     1 ||     2
Armor: Skin              |    19 |    25 |    27 ||    71
Dodge: Dodged            |    39 |    58 |    41 ||   138
